Map: Catalyseur EC

Players

Krivius

  • Race: Zerg Zerg
  • League: Master
  • Spawn Location: 5:00

VOD

Have the link to the VOD?

Description

Time

  • Played on: July 10, 2018, 4:09 p.m.
  • Length: 15:30
Show
View Real Time Build Order
Export as new Build Order

Krivius Zerg 

Build Orders:  

Get SALT Encoding   

  12  0:01  Drone  
  13  0:11  Drone  
  14  0:20  Extractor  
  14  0:22  Drone  
  14  0:44  Spawning Pool  
  13  0:50  Drone  
  14  1:04  Overlord  
  14  1:16  Extractor, Drone  
  15  1:31  Drone x2  
  15  1:37  Drone  
  18  1:51  Roach Warren  
  18  1:56  Drone  
  18  2:08  Overlord  
  18  2:47  Roach x2  
  22  2:51  Roach  
  24  3:04  Hatchery  
  24  3:07  Drone  
  24  3:20  Drone  
  27  3:39  Queen  
  30  3:46  Evolution Chamber  
  29  3:54  Drone  
  29  3:59  Overlord  
  30  4:22  Zerg Melee Weapons Level 1  
  30  4:29  Queen  
  32  4:43  Drone x3  
  35  5:01  Drone x3  
  38  5:12  Drone  
  38  5:17  Drone x2  
  41  5:24  Overlord  
  41  5:31  Overlord  
  41  5:37  Overlord  
  41  5:44  Baneling Nest  
  40  5:51  Zergling x2  
  40  5:52  Zergling x2  
  42  6:02  Zergling x8  
  42  6:06  Metabolic Boost  
  46  6:12  Zergling x6  
  46  6:15  Zergling x2  
  50  6:21  Zergling x4  
  52  6:35  Zergling x2  
  53  6:46  Zergling x10  
  58  6:50  Zergling x2  
  58  6:51  Zergling x4  
  58  6:58  Zergling x2  
  62  7:04  Zergling x2  
  63  7:14  Zergling x2  
  64  7:25  Zergling x2  
  65  7:33  Baneling  
  65  7:34  Baneling x7  
  65  7:37  Baneling  
  61  10:09  Unknown  
  61  11:26  Zergling x14  
  68  11:36  Unknown  
  68  13:09  Overlord  
  68  13:10  Overlord x5  
  68  13:11  Overlord x2  
  62  13:23  Hatchery, Zergling x2  
  62  13:24  Hatchery, Zergling x4  
  62  13:25  Roach  
  62  14:08  Lair  
  62  14:58  Overlord x2  
  62  14:59  Overlord x3  
Tags
 
League
Master
Matchup
Co-op
Add a new tag
Caveats
  • Supply blocks, unpowered buildings, or Contaminate may cause inaccurate times.
  • Supply counts are checked every 10 seconds.